 Dungeon Crawl Stone Soup version 0.27-a0-242-ge0fc76b88b (webtiles) character file.

Game seed: 12501519979778284115

70 knot the Chopper (level 4, 16/35 HPs)
             Began as a Demonspawn Berserker on Feb 3, 2021.
             Was a Believer of Trog.
             Quit the game on level 2 of the Dungeon.
             The game lasted 00:01:32 (1247 turns).

knot the Chopper (Demonspawn Berserker)             Turns: 1247, Time: 00:01:33

Health: 16/35      AC:  4    Str: 17    XL:     4   Next: 3%
Magic:  4/4        EV: 12    Int: 10    God:    Trog [**....]
Gold:   40         SH:  0    Dex: 12    Spells: 3/3 levels left

rFire    . . .     SeeInvis .   a - +0 hand axe
rCold    . . .     Faith    .   (no shield)
rNeg     . . .     Spirit   .   b - +0 animal skin
rPois    .         Reflect  .   (helmet restricted)
rElec    .         Harm     .   (no cloak)
rCorr    .         Rampage  .   (no gloves)
Will     ++...                  (no boots)
Stlth    +.........             (no amulet)
HPRegen  1.11/turn              (no ring)
MPRegen  0.09/turn              (no ring)

@: mildly poisoned (16 -> 15), berserk cooldown, regenerating, slowed, very slow
A: antennae 2, molten scales 1
a: Renounce Religion, Berserk, Trog's Hand


You were on level 2 of the Dungeon.
You worshipped Trog.
Trog was pleased with you.
You visited 1 branch of the dungeon, and saw 2 of its levels.

You collected 40 gold pieces.

Inventory:

Hand Weapons
 a - a +0 hand axe (weapon)
Missiles
 d - 96 stones
 e - 8 sling bullets
 h - 8 poisoned darts (quivered)
 m - 3 boomerangs of dispersal
Armour
 b - a +0 animal skin (worn)
Scrolls
 c - a scroll of fear {unknown}
 f - a scroll of identify {unknown}
 g - a scroll of immolation {unknown}
 i - a scroll of remove curse {unknown}
 k - a scroll of enchant weapon {unknown}
 l - 2 scrolls of magic mapping {unknown}
Potions
 j - a potion of ambrosia {unknown}
 n - a potion of berserk rage {unknown}


   Skills:
 - Level 3.0 Fighting
 + Level 4.5 Axes
 - Level 1.7 Armour
 - Level 1.7 Dodging


You had 3 spell levels left.
You didn't know any spells.
Your spell library was empty.

Dungeon Overview and Level Annotations

Branches:
Dungeon (2/15)

Altars:


Innate Abilities, Weirdness & Mutations

You have a pair of antennae on your head.
You are partially covered in molten scales. (AC +2)


Message History

You barely miss the adder.
The adder is severely wounded.
The adder barely misses you. The adder bites you.
You are more poisoned.
The adder poisons you!
You hit the adder.
You kill the adder!
Trog accepts your kill.
Your skin stops crawling.
You feel less strong-willed.
You feel sick. The adder barely misses you.
You have reached level 4!
You feel clever.
Your demonic ancestry asserts itself...
Molten scales grow over part of your body.
Your skin crawls.
You feel strong-willed.
You feel sick. The adder closely misses you.
The adder bites you but does no damage.
Okay, then.
Okay, then.
Are you sure you want to abandon this character and quit the game? (Confirm with "yes".)

....######..............
........)....#..........
....#####..####†.#......
.......)...#####.#......
....#...................
.####.<......###.#...... .#
#........###........# .#
#........#...#...... .. .#
#..........#@#...... ... .#
#........###S# ##.###.#
.................####..)..#
###..#. ....##..........#
.# .# #..........##. ....#
#............. .##..
#............. ..... .
.......†.†....$( ###..##...
..!..............


You could see an adder.

Vanquished Creatures
  4 adders (D:2)
  2 dart slugs
  A ball python (D:1)
  3 bats (D:1)
  A giant cockroach (D:1)
  4 goblins
  2 hobgoblins
  4 jackals (D:1)
  2 frilled lizards (D:1)
  2 kobolds
  7 rats
32 creatures vanquished.

Notes
Turn   | Place    | Note
-------+----------+-------------------------------------------
     0 | D:1      | knot the Demonspawn Berserker began the quest for the Orb.
     0 | D:1      | Reached XP level 1. HP: 18/18 MP: 1/1
    61 | D:1      | Reached skill level 3 in Axes
   208 | D:1      | Gained mutation: You have a pair of small antennae on your
                  | head. [demonic ancestry]
   208 | D:1      | Reached XP level 2. HP: 24/24 MP: 2/2
   946 | D:1      | Reached ** piety under Trog
   965 | D:2      | Reached skill level 4 in Axes
   965 | D:2      | Gained mutation: You have a pair of antennae on your head.
                  | [demonic ancestry]
   965 | D:2      | Reached XP level 3. HP: 29/29 MP: 3/3
  1246 | D:2      | Gained mutation: You are partially covered in molten
                  | scales. (AC +2) [demonic ancestry]
  1246 | D:2      | Reached XP level 4. HP: 15/35 MP: 4/4
  1247 | D:2      | Quit the game

Illustrated notes

Levels and vault maps discovered:
D:1:      dpeg_arrival_round_a, layout_basic
D:2:      layout_rooms, chequers_serial_rivers_micro_c

Skill      XL: |  1  2 |
---------------+-------+-----
Axes           | 3 4 |  4.5
Fighting       | |  3.0
Armour         | |  1.7
Dodging        | |  1.7

Action                   |  1- 3 |  4- 6 || total
-------------------------+-------+-------++-------
Melee: Hand axe          |    73 |       ||    73
Throw: Dart              |     5 |       ||     5
Invok: Berserk           |     2 |       ||     2
       Trog's Hand       |     1 |     1 ||     2
 Stab: Distracted        |     1 |       ||     1
       Sleeping          |     1 |       ||     1
Armor: Animal skin       |    11 |     1 ||    12
Dodge: Dodged            |    62 |     1 ||    63

Table legend: (Time is in decaauts)
 A = Elapsed time spent in this place.
 B = Non-inter-level travel time spent in this place.
 C = Inter-level travel time spent in this place.
 D = Time resting spent in this place.
 E = Time spent auto-exploring this place.
 F = Levels seen in this place.
 G = Mean time per level.
                   A        B        C        D        E       F      G
               +--------+--------+--------+--------+--------+-----+--------+
         Total |   1271 |   1266 |      5 |    157 |    919 |   2 |  635.5 |
       Dungeon |   1271 |   1266 |      5 |    157 |    919 |   2 |  635.5 |
               +--------+--------+--------+--------+--------+-----+--------+

Top non-repeatable levels by time:
     D:1: 1115 daAuts
     D:2: 155 daAuts
